[Event "European Womens-ch 2025"]
[Site "Rhodes"]
[Date "2025.04.08"]
[Round "8.39"]
[White "Lehaci, Miruna-Daria"]
[Black "Tirpan, Ceren"]
[Result "1/2-1/2"]
[Annotator "RC"]
[ECO "B22"]
[WhiteElo "2212"]
[BlackElo "1996"]
[PlyCount "144"]
[EventDate "2025.03.29"]
[EventType "swiss"]
[EventCountry "GRE"]
[SourceTitle "playchess.com"]
[Source "ChessBase"]
[SourceQuality "1"]
[TimeControl "40/5400+30:1800+30"]

1. e4 c5 2. c3 Nf6 3. e5 Nd5 4. Bc4 Nb6 5. Bb3 c4 6. Bc2 Nc6 7. Nf3 d6 8. exd6 Qxd6 9. O-O g6 10. Na3 Bg7 11. b3 cxb3 12. axb3 O-O 13. Nc4 Nxc4 14. bxc4 Qc5 15. Ra4 Rd8 16. d4 Qh5 17. h3 b5 18. cxb5 Qxb5 19. Bd3 Qb8 20. Qe2 Bd7 21. Ra6 Qc7 22. Bd2 Bc8 23. Ra3 Bb7 24. Bc4 h6 25. Ba2 a5 26. Re1 Ba6 27. Qe4 Qd6 28. Bc1 e6 29. Nd2 Bb7 30. Nc4 Qc7 31. Bf4 Qd7 32. Qb1 Ne7 33. Nd6 Bd5 34. c4 Bc6 35. Qd3 Bf8 36. Be5 Nc8 37. Ne4 Bxe4 38. Qxe4 Bxa3 39. Qxa8 Bb4 40. Qf3 Bxe1 41. Qf6 Kf8 42. Qh8+ Ke7 43. Qf6+ Ke8 44. Qh8+ Ke7 45. Bf6+ Kd6 46. Bxd8 Kc6 47. Bh4 Kb7 48. Qe5 Bb4 49. c5 Ne7 50. Bxe7 Qxe7 51. Bd5+ Kc8 52. Bf3 Qc7 53. Qe4 Kd7 54. g3 h5 55. Bd1 Ke7 56. Ba4 Bc3 57. Qe3 Bb4 58. Qh6 e5 59. Qg7 exd4 60. Bb3 Qxc5 61. Bxf7 Kd8 62. Be6 Qd6 63. Qg8+ Kc7 64. Qc8+ Kb6 65. Bc4 Qc5 66. Qb8+ Kc6 67. Qc8+ Kb6 68. Qb8+ Kc6 69. Qc8+ Kb6 70. Qb8+ Kc6 71. Qc8+ Kb6 72. Qb8+ Kc6 1/2-1/2

[Event "European Womens-ch 2025"]
[Site "Rhodes"]
[Date "2025.04.08"]
[Round "8.40"]
[White "Eric, Jovana"]
[Black "Lach, Aleksandra"]
[Result "1-0"]
[Annotator "RC"]
[ECO "C10"]
[WhiteElo "2147"]
[BlackElo "2208"]
[PlyCount "135"]
[EventDate "2025.03.29"]
[EventType "swiss"]
[EventCountry "GRE"]
[SourceTitle "playchess.com"]
[Source "ChessBase"]
[SourceQuality "1"]
[TimeControl "40/5400+30:1800+30"]

1. e4 e6 2. d4 d5 3. Nc3 dxe4 4. Nxe4 Nd7 5. g3 b6 6. Bg2 Rb8 7. Nf3 Bb7 8. Qe2 Ngf6 9. Nxf6+ Qxf6 10. O-O Bd6 11. Be3 O-O 12. c4 h6 13. Rad1 Rfe8 14. Rfe1 Bb4 15. Bd2 Bxf3 16. Qxf3 Bxd2 17. Rxd2 Qxf3 18. Bxf3 Red8 19. h4 a5 20. Kf1 Nf8 21. Red1 b5 22. cxb5 Rxb5 23. b3 Rb4 24. d5 exd5 25. Bxd5 Rd6 26. Bc4 Rbb6 27. Rxd6 Rxd6 28. Rxd6 cxd6 29. Ke2 Nd7 30. a4 Nb6 31. Kd3 Kf8 32. b4 axb4 33. a5 Nc8 34. Bd5 Ke7 35. Kc4 Na7 36. Kxb4 f6 37. a6 Kd7 38. Ka5 Kc7 39. Bb7 g5 40. hxg5 hxg5 41. g4 d5 42. Bxd5 Nc8 43. f3 Kb8 44. Kb5 Ka7 45. Bb7 Ne7 46. Be4 Nc8 47. Bd3 Nd6+ 48. Kc5 Nf7 49. Kd5 Ne5 50. Ke4 Ng6 51. Kd5 Nf4+ 52. Kd4 Ne6+ 53. Ke3 Nf4 54. Bc4 Kb6 55. Ke4 Ng6 56. Kd5 Nh4 57. Ke4 Ng6 58. Be2 Nf4 59. Bf1 Ng6 60. Kf5 Nh4+ 61. Kxf6 Nxf3 62. Kg6 Ka7 63. Kh5 Nd2 64. Bd3 Nf3 65. Be4 Nd4 66. Bb7 Ne6 67. Kg6 Kb6 68. Kf5 1-0

[Event "European Womens-ch 2025"]
[Site "Rhodes"]
[Date "2025.04.08"]
[Round "8.41"]
[White "Mamedjarova, Turkan"]
[Black "Sivanandan, Bodhana"]
[Result "1-0"]
[Annotator "RC"]
[ECO "A07"]
[WhiteElo "2206"]
[BlackElo "2073"]
[PlyCount "157"]
[EventDate "2025.03.29"]
[EventType "swiss"]
[EventCountry "GRE"]
[SourceTitle "playchess.com"]
[Source "ChessBase"]
[SourceQuality "1"]
[TimeControl "40/5400+30:1800+30"]

1. Nf3 d5 2. g3 Nf6 3. Bg2 Bf5 4. O-O c6 5. d3 e6 6. Nbd2 Be7 7. b3 O-O 8. Bb2 Nbd7 9. Qe1 h6 10. e4 dxe4 11. dxe4 Bh7 12. Qe2 Qc7 13. Ne1 Rad8 14. Nd3 Rfe8 15. a4 Nf8 16. h4 N6d7 17. Nc4 Bf6 18. e5 Be7 19. Rfd1 Nc5 20. Nf4 Rxd1+ 21. Rxd1 Rd8 22. Nh5 Rxd1+ 23. Qxd1 Bg6 24. Nf4 Qd7 25. Nd6 b6 26. Nxg6 Nxg6 27. f4 Nf8 28. Bf3 f5 29. Kg2 Na6 30. h5 Nc7 31. c4 Ne8 32. Nxf5 exf5 33. Qxd7 Nxd7 34. Bxc6 Nc5 35. Bxe8 Nxb3 36. Bg6 Nc5 37. Ba3 Kf8 38. Bxc5 Bxc5 39. Bxf5 Ke7 40. Kf3 Bb4 41. Be4 Be1 42. Bd5 Bc3 43. Ke4 Be1 44. g4 Bd2 45. Kf5 Bc1 46. g5 hxg5 47. fxg5 Kf8 48. a5 Bd2 49. a6 Bc1 50. g6 Ke7 51. Bb7 Kd7 52. Ke4 Bh6 53. Kd5 Bg5 54. Bc6+ Ke7 55. Ba4 Bf4 56. Bd1 Kd7 57. Bg4+ Ke7 58. Bh3 Bg3 59. e6 Bf4 60. Kc6 Be3 61. Kb7 Kf6 62. Bg4 Bc5 63. Kc6 Be7 64. Kd7 Bc5 65. h6 gxh6 66. g7 Kxg7 67. e7 Bxe7 68. Kxe7 Kg6 69. Kd6 h5 70. Bxh5+ Kxh5 71. Kc6 Kg6 72. Kb7 Kf7 73. Kxa7 Ke7 74. Kxb6 Kd7 75. a7 Kc8 76. a8=Q+ Kd7 77. Qe4 Kd8 78. Qh7 Kc8 79. Qc7# 1-0

[Event "European Womens-ch 2025"]
[Site "Rhodes"]
[Date "2025.04.08"]
[Round "8.42"]
[White "Donghvani, Nia"]
[Black "Dwilewicz, Katarzyna"]
[Result "1-0"]
[Annotator "RC"]
[ECO "B46"]
[WhiteElo "2025"]
[BlackElo "2203"]
[PlyCount "137"]
[EventDate "2025.03.29"]
[EventType "swiss"]
[EventCountry "GRE"]
[SourceTitle "playchess.com"]
[Source "ChessBase"]
[SourceQuality "1"]
[TimeControl "40/5400+30:1800+30"]

1. e4 c5 2. Nf3 e6 3. d4 cxd4 4. Nxd4 Nc6 5. Nc3 a6 6. Be3 Nf6 7. a3 d5 8. exd5 exd5 9. Qe2 Be7 10. O-O-O O-O 11. h3 Qc7 12. g4 Rd8 13. Bg2 Nxd4 14. Bxd4 Be6 15. Kb1 Rac8 16. Rhf1 Ne4 17. Bxe4 dxe4 18. Qxe4 b5 19. Qe5 Qxe5 20. Bxe5 f6 21. Bd4 h5 22. gxh5 Bxh3 23. Rg1 Kf7 24. Ne2 Bf5 25. Rc1 Rc4 26. Be3 a5 27. b3 Rcc8 28. Kb2 Bc5 29. Ng3 Bh7 30. Nf1 Bd6 31. f4 Re8 32. Rg4 Re4 33. Rd1 Rc6 34. Rd2 Re8 35. Bd4 Bf5 36. Rh4 Bb8 37. Ne3 Bh7 38. h6 g6 39. Nd5 Rd8 40. Nc3 b4 41. axb4 axb4 42. Ne4 Re8 43. Nc5 Rd6 44. c3 Red8 45. Nb7 bxc3+ 46. Kxc3 Rc8+ 47. Nc5 Rd5 48. b4 Rcd8 49. Nb3 Bd6 50. Ra2 Rd7 51. Ra6 g5 52. fxg5 fxg5 53. Rh1 g4 54. Rf1+ Rf5 55. Rxf5+ Bxf5 56. Nc5 Rd8 57. Ra7+ Be7 58. Nd3 Bxd3 59. Kxd3 Ke6 60. Rxe7+ Kxe7 61. h7 g3 62. h8=Q Rxh8 63. Bxh8 g2 64. Bd4 Kd6 65. Kc4 Kc6 66. Bg1 Kb7 67. Kb5 Kc7 68. Ka6 Kb8 69. b5 1-0

[Event "European Womens-ch 2025"]
[Site "Rhodes"]
[Date "2025.04.08"]
[Round "8.43"]
[White "Ter-Avetisjana, Agnesa Stepania"]
[Black "Prado Acebo, Ines"]
[Result "1-0"]
[Annotator "RC"]
[ECO "B51"]
[WhiteElo "2100"]
[BlackElo "2199"]
[PlyCount "109"]
[EventDate "2025.03.29"]
[EventType "swiss"]
[EventCountry "GRE"]
[SourceTitle "playchess.com"]
[Source "ChessBase"]
[SourceQuality "1"]
[TimeControl "40/5400+30:1800+30"]

1. e4 c5 2. Nf3 d6 3. Bb5+ Nd7 4. O-O a6 5. Bd3 Ngf6 6. Re1 g6 7. c3 Bg7 8. Bc2 O-O 9. d4 e5 10. dxc5 Nxc5 11. Nbd2 b5 12. b4 Ne6 13. c4 Qc7 14. Bd3 Nf4 15. Bf1 Bd7 16. Bb2 Bc6 17. Rc1 Qb7 18. g3 Ne6 19. Bd3 Nd7 20. Nb3 bxc4 21. Na5 Qxb4 22. Bc3 Qa4 23. Bxc4 Qxd1 24. Rcxd1 Ba4 25. Rxd6 Nec5 26. Bb4 h6 27. Rxg6 Rfc8 28. Rd6 Bf8 29. Rd5 Nd3 30. Bxd3 Bxb4 31. Rb1 Rab8 32. Nxe5 Nc5 33. Nb3 Nxd3 34. Nxd3 Bf8 35. Rc1 Re8 36. Nbc5 Bc6 37. Nd7 Bxd5 38. exd5 Ba3 39. Rd1 Rbd8 40. Nf6+ Kf8 41. Nxe8 Kxe8 42. Ne5 Bd6 43. Nc6 Rd7 44. Rb1 Kf8 45. Kg2 Kg7 46. Kf3 Bc5 47. Ke4 Bxf2 48. Ne5 f5+ 49. Kxf5 Rxd5 50. Rb7+ Kg8 51. Ke6 Rd2 52. Ng4 Re2+ 53. Kf5 Rxa2 54. Kg6 Kf8 55. Nf6 1-0

[Event "European Womens-ch 2025"]
[Site "Rhodes"]
[Date "2025.04.08"]
[Round "8.44"]
[White "Stefanova, Antoaneta"]
[Black "Grapsa, Georgia"]
[Result "1/2-1/2"]
[Annotator "RC"]
[ECO "E14"]
[WhiteElo "2426"]
[BlackElo "2065"]
[PlyCount "103"]
[EventDate "2025.03.29"]
[EventType "swiss"]
[EventCountry "GRE"]
[SourceTitle "playchess.com"]
[Source "ChessBase"]
[SourceQuality "1"]
[TimeControl "40/5400+30:1800+30"]

1. d4 Nf6 2. Nf3 e6 3. e3 b6 4. Bd3 Bb7 5. O-O c5 6. c4 Be7 7. Nc3 O-O 8. d5 exd5 9. cxd5 Nxd5 10. Nxd5 Bxd5 11. Bxh7+ Kxh7 12. Qxd5 Nc6 13. e4 Nb4 14. Qf5+ Kg8 15. Rd1 Qe8 16. Bf4 g6 17. Qh3 f5 18. exf5 Rxf5 19. Be5 d5 20. a3 Nc6 21. Rxd5 Nxe5 22. Nxe5 Rd8 23. Rxd8 Bxd8 24. Ng4 Bg5 25. Qd3 Kg7 26. Rd1 Qe6 27. Qc3+ Kh7 28. h4 Bxh4 29. Qh3 Rh5 30. Qf3 Rf5 31. Qh3 Rh5 32. Qf3 Rf5 33. Qd3 Kg7 34. g3 Rf7 35. Qc3+ Bf6 36. Nxf6 Qxf6 37. Qxf6+ Rxf6 38. Rd7+ Rf7 39. Rd5 Rf3 40. Rd7+ Kf6 41. Rxa7 Rb3 42. a4 Rxb2 43. a5 bxa5 44. Rxa5 Rc2 45. Kg2 Kf5 46. Kf3 Rc3+ 47. Ke2 g5 48. Kd2 Rc4 49. Kd3 Rc1 50. Kd2 Rc4 51. Kd3 Rc1 52. Kd2 1/2-1/2

[Event "European Womens-ch 2025"]
[Site "Rhodes"]
[Date "2025.04.08"]
[Round "8.45"]
[White "Vidic, Teja"]
[Black "Bochnickova, Simona"]
[Result "1-0"]
[Annotator "RC"]
[ECO "B51"]
[WhiteElo "2100"]
[BlackElo "2167"]
[PlyCount "107"]
[EventDate "2025.03.29"]
[EventType "swiss"]
[EventCountry "GRE"]
[SourceTitle "playchess.com"]
[Source "ChessBase"]
[SourceQuality "1"]
[TimeControl "40/5400+30:1800+30"]

1. e4 c5 2. Nf3 d6 3. Bb5+ Nd7 4. O-O a6 5. Bd3 Ngf6 6. c3 b5 7. a4 Bb7 8. axb5 axb5 9. Rxa8 Qxa8 10. Bxb5 Bxe4 11. c4 Bxb1 12. d3 g6 13. Bg5 Bg7 14. Qxb1 O-O 15. Bxd7 Nxd7 16. Bxe7 Rb8 17. Bxd6 Rxb2 18. Qe1 Qc8 19. Qe3 Rb6 20. Qf4 Qb7 21. Re1 Rb1 22. Qd2 Qb3 23. Rf1 Rxf1+ 24. Kxf1 Bc3 25. Qc1 Bd4 26. Ke2 Qb6 27. Nxd4 Qxd6 28. Nf3 Nf6 29. Qe3 Qb6 30. h3 Nh5 31. g4 Ng7 32. Ng5 Qb2+ 33. Kf3 Qf6+ 34. Qf4 Qc6+ 35. Kg3 Qb7 36. Qd6 Qc8 37. Qe7 Qb8+ 38. f4 Qf8 39. Qxf8+ Kxf8 40. Nxh7+ Ke7 41. Ng5 f5 42. Kf3 Ne8 43. gxf5 gxf5 44. Ke3 Kd6 45. d4 Ng7 46. d5 Kd7 47. Kd3 Kd6 48. Kc3 Nh5 49. Ne6 Ng3 50. Kb3 Ne4 51. Ng7 Ng3 52. Ka4 Ne2 53. Nxf5+ Kc7 54. Ng7 1-0

[Event "European Womens-ch 2025"]
[Site "Rhodes"]
[Date "2025.04.08"]
[Round "8.46"]
[White "Chelushkina, Irina"]
[Black "Korenova, Martina"]
[Result "0-1"]
[Annotator "NA RC"]
[ECO "B07"]
[WhiteElo "2134"]
[BlackElo "2045"]
[PlyCount "56"]
[EventDate "2025.03.29"]
[EventType "swiss"]
[EventCountry "GRE"]
[SourceTitle "playchess.com"]
[Source "ChessBase"]
[SourceQuality "1"]
[TimeControl "40/5400+30:1800+30"]

1. g3 g6 2. Bg2 Bg7 3. d4 Nf6 4. e4 d6 5. Nc3 O-O 6. h3 Nbd7 7. Nge2 c5 8. d5 Rb8 9. a4 b6 10. g4 a6 11. Ng3 b5 12. axb5 axb5 13. Nce2 Nb6 14. O-O Qc7 15. Nf4 Bb7 16. h4 Ra8 17. Rb1 Ra2 18. g5 Nfd7 19. h5 Ne5 20. hxg6 hxg6 21. Nf5 gxf5 22. exf5 Bc8 23. Bh3 Qb7 24. b3 Bd7 25. Kh2 Qc8 26. f6 Bxh3 27. Nxh3 exf6 28. gxf6 Ng4+ 0-1

[Event "European Womens-ch 2025"]
[Site "Rhodes"]
[Date "2025.04.08"]
[Round "8.47"]
[White "Shuqja, Klean"]
[Black "Berke, Ana"]
[Result "0-1"]
[Annotator "RC"]
[ECO "C76"]
[WhiteElo "2049"]
[BlackElo "2119"]
[PlyCount "108"]
[EventDate "2025.03.29"]
[EventType "swiss"]
[EventCountry "GRE"]
[SourceTitle "playchess.com"]
[Source "ChessBase"]
[SourceQuality "1"]
[TimeControl "40/5400+30:1800+30"]

1. e4 e5 2. Nf3 Nc6 3. Bb5 a6 4. Ba4 d6 5. c3 Bd7 6. O-O g6 7. d4 Bg7 8. Bg5 f6 9. Be3 Nh6 10. dxe5 dxe5 11. Qd5 Qe7 12. b4 Qd6 13. Qxd6 cxd6 14. Rd1 Ke7 15. Bb6 Rac8 16. Bb3 Be6 17. Nbd2 Nf7 18. a4 f5 19. Bxe6 Kxe6 20. Rab1 Nb8 21. exf5+ gxf5 22. c4 Nd7 23. a5 Nxb6 24. axb6 Rc6 25. b5 Rxb6 26. bxa6 Rxb1 27. Rxb1 bxa6 28. Rb6 e4 29. Nh4 Bc3 30. Nb3 a5 31. g3 Rc8 32. Ng2 a4 33. Nf4+ Kd7 34. Nc1 Rxc4 35. Na2 Bd4 36. Rb7+ Ke8 37. Nb4 a3 38. Rb8+ Nd8 39. Nfd5 Rc5 40. Ra8 Bb2 41. h4 Kd7 42. Ra7+ Ke8 43. Ra8 Kf7 44. Ra7+ Kg6 45. h5+ Kh6 46. Kg2 Nc6 47. Ra6 Kxh5 48. Nf4+ Kg4 49. Ra8 Ne7 50. Ra7 Ng6 51. Nfd5 f4 52. gxf4 Nxf4+ 53. Nxf4 Kxf4 54. Ra4 Ke5 0-1

[Event "European Womens-ch 2025"]
[Site "Rhodes"]
[Date "2025.04.08"]
[Round "8.48"]
[White "Nenova, Andzhelika"]
[Black "Koridze, Lile"]
[Result "0-1"]
[Annotator "RC"]
[ECO "B90"]
[WhiteElo "1903"]
[BlackElo "2115"]
[PlyCount "86"]
[EventDate "2025.03.29"]
[EventType "swiss"]
[EventCountry "GRE"]
[SourceTitle "playchess.com"]
[Source "ChessBase"]
[SourceQuality "1"]
[TimeControl "40/5400+30:1800+30"]

1. e4 c5 2. Nf3 d6 3. d4 cxd4 4. Nxd4 Nf6 5. Nc3 a6 6. Rg1 b5 7. a4 b4 8. Nd5 e6 9. Nxf6+ Qxf6 10. Be3 Be7 11. Qd2 O-O 12. O-O-O Bb7 13. f3 d5 14. g4 dxe4 15. f4 Nc6 16. Nxc6 Bxc6 17. Bd4 Qh6 18. h4 Rfd8 19. Qf2 Bxh4 20. Qe3 Bf6 21. g5 Bxd4 22. Rxd4 Qg6 23. Rxd8+ Rxd8 24. Qb6 Rf8 25. Qxc6 Qf5 26. Qd6 Qa5 27. Bc4 Rd8 28. Qe5 Qxa4 29. Kb1 Qc6 30. Bb3 g6 31. f5 exf5 32. Rh1 Qd7 33. Qh2 h5 34. gxh6 Qe7 35. h7+ Kh8 36. Qf4 e3 37. Bxf7 e2 38. Re1 Rd1+ 39. Ka2 Qxf7+ 40. b3 Rxe1 41. Qd4+ Kxh7 42. Qh4+ Kg7 43. Qxe1 Qe7 0-1

[Event "European Womens-ch 2025"]
[Site "Rhodes"]
[Date "2025.04.08"]
[Round "8.49"]
[White "Recica, Jona"]
[Black "Deak-Sala, Emilia"]
[Result "0-1"]
[Annotator "NA RC"]
[ECO "B48"]
[WhiteElo "1716"]
[BlackElo "2112"]
[PlyCount "84"]
[EventDate "2025.03.29"]
[EventType "swiss"]
[EventCountry "GRE"]
[SourceTitle "playchess.com"]
[Source "ChessBase"]
[SourceQuality "1"]
[TimeControl "40/5400+30:1800+30"]

1. e4 c5 2. Nf3 e6 3. d4 cxd4 4. Nxd4 Nc6 5. Nc3 Qc7 6. Be3 a6 7. Qd2 Nf6 8. f3 Be7 9. O-O-O b5 10. g4 Bb7 11. h4 Rc8 12. Kb1 O-O 13. h5 b4 14. Na4 d5 15. g5 Nd7 16. exd5 Nxd4 17. Bxd4 Bxd5 18. g6 fxg6 19. hxg6 h6 20. Bd3 Bg5 21. Be3 Bxe3 22. Qxe3 Rxf3 23. Qd2 Qc6 24. Rxh6 Rxd3 25. Rh8+ Kxh8 26. Qh2+ Kg8 27. Rxd3 Nf8 28. b3 Be4 29. Rd2 Nxg6 30. Nb2 Qc7 31. Qe2 Bf5 32. Nc4 Nf4 33. Qf2 Nd5 34. Qd4 Qf4 35. Qxf4 Nxf4 36. Rf2 Nd5 37. Nd6 Nc3+ 38. Ka1 Rd8 39. Rd2 Kf8 40. Kb2 Ke7 41. Nxf5+ exf5 42. Rxd8 Kxd8 0-1

[Event "European Womens-ch 2025"]
[Site "Rhodes"]
[Date "2025.04.08"]
[Round "8.50"]
[White "Heinatz, Gundula"]
[Black "Caku, Kler"]
[Result "0-1"]
[Annotator "NA RC"]
[ECO "A07"]
[WhiteElo "2111"]
[BlackElo "2036"]
[PlyCount "66"]
[EventDate "2025.03.29"]
[EventType "swiss"]
[EventCountry "GRE"]
[SourceTitle "playchess.com"]
[Source "ChessBase"]
[SourceQuality "1"]
[TimeControl "40/5400+30:1800+30"]

1. Nf3 d5 2. g3 Nf6 3. Bg2 e6 4. O-O Be7 5. d3 c5 6. Nbd2 O-O 7. e4 d4 8. Qe2 Nc6 9. e5 Nd5 10. Ne4 Qc7 11. c4 dxc3 12. Nxc3 Rd8 13. a3 b6 14. Bd2 Ba6 15. Rad1 Rac8 16. Rfe1 Rd7 17. Qe4 Rcd8 18. Ng5 Bxg5 19. Bxg5 Nde7 20. Qa4 Nb8 21. Nb5 Bxb5 22. Qxb5 h6 23. Bc1 Nbc6 24. f4 Nd4 25. Qa6 c4 26. Kh1 Nc2 27. Rg1 cxd3 28. Bd2 Nf5 29. Rc1 Qc5 30. Be4 Nfe3 31. Qa4 Nc4 32. Bxd3 Rxd3 33. Qxc2 Qd5+ 0-1

[Event "European Womens-ch 2025"]
[Site "Rhodes"]
[Date "2025.04.08"]
[Round "8.51"]
[White "Tsetskhladze, Mariam"]
[Black "Krkyasharyan, Sona"]
[Result "0-1"]
[Annotator "RC"]
[ECO "B51"]
[WhiteElo "2105"]
[BlackElo "1989"]
[PlyCount "116"]
[EventDate "2025.03.29"]
[EventType "swiss"]
[EventCountry "GRE"]
[SourceTitle "playchess.com"]
[Source "ChessBase"]
[SourceQuality "1"]
[TimeControl "40/5400+30:1800+30"]

1. e4 c5 2. Nf3 d6 3. Bb5+ Nd7 4. a4 a6 5. Be2 Ngf6 6. Nc3 g6 7. O-O Bg7 8. d3 O-O 9. Qd2 b6 10. Ne1 Bb7 11. f4 Bc6 12. Bf3 Qc7 13. Qe2 b5 14. Bd2 b4 15. Nd1 a5 16. Rc1 Rae8 17. b3 e5 18. g3 d5 19. exd5 Nxd5 20. Qg2 Ne7 21. c3 Bxf3 22. Nxf3 Qb6 23. cxb4 cxb4+ 24. Be3 Qa6 25. Qd2 Nf5 26. fxe5 Nxe3 27. Nxe3 Nxe5 28. Nxe5 Bxe5 29. Nc4 Bd4+ 30. Kh1 Re7 31. Qf4 Bg7 32. Rcd1 Rd8 33. Qf3 h5 34. Rfe1 Red7 35. Rf1 Qa7 36. Rfe1 Rd4 37. Re4 Qa8 38. Rf1 Rxd3 39. Re3 Qxf3+ 40. Rexf3 Rxf3 41. Rxf3 Rd5 42. Kg2 f5 43. Kf1 Bf6 44. Ke2 Kf7 45. Rd3 Rxd3 46. Kxd3 Bd8 47. Ke3 Ke6 48. Kd3 Bc7 49. Ke3 g5 50. Kd3 g4 51. Ke3 Kf6 52. Kf2 Kg5 53. Kg2 h4 54. gxh4+ Kxh4 55. Ne3 f4 56. Nf5+ Kg5 57. Nd4 f3+ 58. Kg1 Bb6 0-1

[Event "European Womens-ch 2025"]
[Site "Rhodes"]
[Date "2025.04.08"]
[Round "8.52"]
[White "Subramanian, Anusha"]
[Black "Paasikangas, Johanna"]
[Result "0-1"]
[Annotator "RC"]
[ECO "C76"]
[WhiteElo "2026"]
[BlackElo "2106"]
[PlyCount "92"]
[EventDate "2025.03.29"]
[EventType "swiss"]
[EventCountry "GRE"]
[SourceTitle "playchess.com"]
[Source "ChessBase"]
[SourceQuality "1"]
[TimeControl "40/5400+30:1800+30"]

1. e4 e5 2. Nf3 Nc6 3. Bb5 a6 4. Ba4 d6 5. c3 Bd7 6. O-O g6 7. d4 Bg7 8. Be3 b5 9. Bc2 Nf6 10. h3 O-O 11. Nbd2 a5 12. a4 exd4 13. Nxd4 Nxd4 14. cxd4 b4 15. Re1 Bc6 16. d5 Bb7 17. Bd4 Re8 18. Nc4 Ba6 19. Nxa5 c5 20. Nc6 Qd7 21. Bxf6 Bxf6 22. Rb1 Rac8 23. Bd3 c4 24. Be2 Rxc6 25. Bg4 Qc7 26. dxc6 Qxc6 27. Bf3 Qb6 28. Qc2 b3 29. Qd2 Be5 30. Rec1 Rc8 31. h4 Qd8 32. g3 h5 33. Kg2 Rc5 34. Be2 Qc7 35. g4 hxg4 36. h5 gxh5 37. Rh1 Bg7 38. Rbd1 Qe7 39. Qf4 Bb7 40. f3 Re5 41. Rde1 d5 42. fxg4 Rxe4 43. Qd2 hxg4 44. Rhf1 d4 45. Kg1 d3 46. Bd1 Bd4+ 0-1

[Event "European Womens-ch 2025"]
[Site "Rhodes"]
[Date "2025.04.08"]
[Round "8.53"]
[White "Rida, Ruqayyah"]
[Black "Alexandri, Dimitra"]
[Result "1-0"]
[Annotator "NA RC"]
[ECO "B90"]
[WhiteElo "2065"]
[BlackElo "1995"]
[PlyCount "69"]
[EventDate "2025.03.29"]
[EventType "swiss"]
[EventCountry "GRE"]
[SourceTitle "playchess.com"]
[Source "ChessBase"]
[SourceQuality "1"]
[TimeControl "40/5400+30:1800+30"]

1. e4 c5 2. Nf3 d6 3. d4 cxd4 4. Nxd4 Nf6 5. Nc3 a6 6. f3 e5 7. Nb3 Be6 8. Be3 Be7 9. Qd2 O-O 10. O-O-O a5 11. a4 Nc6 12. g4 Nb4 13. Kb1 Rc8 14. g5 Nh5 15. Rg1 f5 16. gxf6 Rxf6 17. Bg5 Rxf3 18. Qe2 Rfxc3 19. bxc3 Rxc3 20. Bxe7 Qxe7 21. Qxh5 Bxb3 22. cxb3 Rxb3+ 23. Ka1 Nc2+ 24. Ka2 Ra3+ 25. Kb2 d5 26. Rxg7+ Kxg7 27. Qg4+ Kh6 28. exd5 Qc7 29. Qc4 Qb6+ 30. Kxc2 Qf2+ 31. Rd2 Qe1 32. d6 Ra1 33. Qe6+ Kg5 34. Rg2+ Kf4 35. Qg4+ 1-0

[Event "European Womens-ch 2025"]
[Site "Rhodes"]
[Date "2025.04.08"]
[Round "8.54"]
[White "Silva, Ana Ines Teixeira Da"]
[Black "Huseynova, Lala"]
[Result "1/2-1/2"]
[Annotator "NA RC"]
[ECO "B55"]
[WhiteElo "1893"]
[BlackElo "2065"]
[PlyCount "103"]
[EventDate "2025.03.29"]
[EventType "swiss"]
[EventCountry "GRE"]
[SourceTitle "playchess.com"]
[Source "ChessBase"]
[SourceQuality "1"]
[TimeControl "40/5400+30:1800+30"]

1. e4 c5 2. Nf3 d6 3. d4 cxd4 4. Nxd4 Nf6 5. Bd3 Nc6 6. Nxc6 bxc6 7. O-O g6 8. b3 Bg7 9. Bb2 O-O 10. Nc3 Qa5 11. Na4 Bd7 12. Re1 c5 13. e5 dxe5 14. Bc3 Qd8 15. Nxc5 Bc6 16. Ne4 Nd5 17. Bb2 f5 18. Ng5 Qd6 19. Bc4 Rad8 20. Nf3 e4 21. Bxg7 Kxg7 22. Qd4+ Nf6 23. Qxd6 exd6 24. Nd4 Bd7 25. Be6 Rfe8 26. Bxd7 Rxd7 27. c4 f4 28. Rad1 Kf7 29. Nb5 Ke6 30. Rd4 a6 31. Nc3 Kf5 32. Nd5 Nxd5 33. Rxd5+ Re5 34. Red1 e3 35. fxe3 fxe3 36. g4+ Kf4 37. Rxe5 Kxe5 38. Kf1 d5 39. Rxd5+ Rxd5 40. cxd5 Kxd5 41. Ke2 Kc5 42. Kxe3 Kb4 43. Kd3 Ka3 44. g5 Kxa2 45. Kc2 Ka3 46. Kc3 Ka2 47. Kc2 a5 48. h4 Ka1 49. Kc1 Ka2 50. Kc2 Ka3 51. Kc3 Ka2 52. Kc2 1/2-1/2

[Event "European Womens-ch 2025"]
[Site "Rhodes"]
[Date "2025.04.08"]
[Round "8.55"]
[White "Acarbay, Algi"]
[Black "Golsta, Madara"]
[Result "1/2-1/2"]
[Annotator "NA RC"]
[ECO "A48"]
[WhiteElo "2052"]
[BlackElo "1979"]
[PlyCount "66"]
[EventDate "2025.03.29"]
[EventType "swiss"]
[EventCountry "GRE"]
[SourceTitle "playchess.com"]
[Source "ChessBase"]
[SourceQuality "1"]
[TimeControl "40/5400+30:1800+30"]

1. d4 c5 2. c3 Nf6 3. Nf3 g6 4. Bf4 Qb6 5. Qb3 cxd4 6. Qxb6 axb6 7. Nxd4 d6 8. Nb5 Na6 9. Nd2 Bf5 10. h3 h5 11. e3 Bg7 12. Be2 O-O 13. O-O Nc5 14. Bg5 Rfc8 15. Nc4 Ra6 16. Nd4 Bd3 17. Rfd1 Bxe2 18. Nxe2 Na4 19. b3 d5 20. Bxf6 Bxf6 21. Rxd5 Nxc3 22. Nxc3 Bxc3 23. Rc1 Bf6 24. a4 Ra5 25. Rcd1 Rxd5 26. Rxd5 h4 27. Rd7 Rc5 28. Kf1 b5 29. Nb6 Rc3 30. Rxb7 Rxb3 31. axb5 Rxb5 32. Rb8+ Kg7 33. Nd7 Rxb8 1/2-1/2

[Event "European Womens-ch 2025"]
[Site "Rhodes"]
[Date "2025.04.08"]
[Round "8.56"]
[White "Chasouraki, Chrysi"]
[Black "Bochnickova, Andrea"]
[Result "0-1"]
[Annotator "NA RC"]
[ECO "B30"]
[WhiteElo "1843"]
[BlackElo "2051"]
[PlyCount "104"]
[EventDate "2025.03.29"]
[EventType "swiss"]
[EventCountry "GRE"]
[SourceTitle "playchess.com"]
[Source "ChessBase"]
[SourceQuality "1"]
[TimeControl "40/5400+30:1800+30"]

1. e4 c5 2. Nf3 Nc6 3. Bb5 e6 4. O-O Nge7 5. d4 cxd4 6. Nxd4 Qb6 7. Nxc6 Qxb5 8. Nd4 Qb6 9. c4 Ng6 10. Nc3 Be7 11. b3 O-O 12. Be3 Qc7 13. f4 d6 14. Qh5 Bf6 15. Rad1 a6 16. Nce2 Bd7 17. Rf3 Rfe8 18. Rh3 Nf8 19. Nf3 g6 20. Qg4 Bg7 21. Qh4 e5 22. Rg3 exf4 23. Qxf4 Bc6 24. Qxd6 Qa5 25. Qd2 Qxd2 26. Rxd2 Bxe4 27. Bb6 Bh6 28. Rb2 Re6 29. Ba5 Be3+ 30. Kh1 Bf2 31. Nfd4 Re5 32. Rg4 f5 33. Bc7 Re7 34. Bd6 Rd7 35. Rxe4 fxe4 36. c5 Re8 37. g3 Ne6 38. Nxe6 Rxe6 39. Nf4 Bd4 40. Rd2 Be3 41. Re2 Bxf4 42. gxf4 Kf7 43. Rd2 e3 44. Re2 b6 45. b4 Re4 46. a3 Ke6 47. Be5 bxc5 48. bxc5 Rd2 49. Re1 Rc4 50. Bd6 Kd5 51. Bf8 Ke4 52. Bh6 Rcc2 0-1

[Event "European Womens-ch 2025"]
[Site "Rhodes"]
[Date "2025.04.08"]
[Round "8.57"]
[White "Mihaljevic, Eva"]
[Black "Golsta, Ramona"]
[Result "1/2-1/2"]
[Annotator "NA RC"]
[ECO "B33"]
[WhiteElo "2039"]
[BlackElo "1943"]
[PlyCount "85"]
[EventDate "2025.03.29"]
[EventType "swiss"]
[EventCountry "GRE"]
[SourceTitle "playchess.com"]
[Source "ChessBase"]
[SourceQuality "1"]
[TimeControl "40/5400+30:1800+30"]

1. e4 c5 2. Nf3 Nc6 3. d4 cxd4 4. Nxd4 Nf6 5. Nc3 e5 6. Ndb5 d6 7. Bg5 a6 8. Na3 b5 9. Nd5 Be7 10. Bxf6 Bxf6 11. c4 b4 12. Nc2 a5 13. g3 O-O 14. Bg2 Bg5 15. O-O g6 16. Qd3 Be6 17. Rad1 h5 18. f4 exf4 19. gxf4 Bh6 20. b3 a4 21. Kh1 axb3 22. axb3 Rb8 23. f5 Ne5 24. Qg3 Bxd5 25. Rxd5 h4 26. Qf2 Bg5 27. c5 Qc7 28. cxd6 Qc3 29. Qd4 f6 30. Qxc3 bxc3 31. b4 Rfd8 32. Bh3 Rb6 33. fxg6 Rbxd6 34. Be6+ Kg7 35. Nd4 Kxg6 36. b5 Rxd5 37. exd5 Nc4 38. Nc2 Nb6 39. Rd1 Bd2 40. Rg1+ Bg5 41. Rd1 Bd2 42. Rg1+ Bg5 43. Rd1 1/2-1/2